 Dungeon Crawl Stone Soup version 0.28-b1-1-g3c77fb2ed1 (webtiles) character file.

Game seed: 483736109850726575

28 zeram the Sneak (level 3, -2/24 HPs)
             Began as an Octopode Brigand on Jan 28, 2022.
             Succumbed to Crazy Yiuf's poison
             ... on level 2 of the Dungeon.
             The game lasted 00:01:27 (1497 turns).

zeram the Sneak (Octopode Brigand)                  Turns: 1497, Time: 00:01:27

Health: -2/24      AC:  1    Str: 10    XL:     3   Next: 14%
Magic:  3/3        EV: 12    Int: 15    God:
Gold:   98         SH:  0    Dex: 13    Spells: 2/2 levels left

rFire   . . .      SeeInvis .   a - +2 dagger
rCold   . . .      Faith    .   (no shield)
rNeg    . . .      Spirit   .   (helmet restricted)
rPois   .          Reflect  .   (no amulet)
rElec   .          Harm     .   (no ring)
rCorr   .          Rampage  .   (no ring)
Will    .....                   (no ring)
Stlth   ++++......              (no ring)
HPRegen 0.08/turn               (no ring)
MPRegen 0.08/turn               (no ring)
                                (no ring)
                                (no ring)

@: lethally poisoned (-2 -> -17), slowed, very slow
A: almost no armour, amphibious, 8 rings, camouflage 1, gelatinous body 1,
(nimble swimmer 1), tentacles
a: no special abilities


You were on level 2 of the Dungeon.
You visited 1 branch of the dungeon, and saw 2 of its levels.

You collected 98 gold pieces.

Inventory:

Hand Weapons
 a - a +2 dagger (weapon)
Missiles
 b - 8 poisoned darts (quivered)
 c - 2 curare-tipped darts
Scrolls
 g - a scroll of identify {unknown}
Potions
 d - a potion of lignification {unknown}
 e - 3 potions of curing {unknown}
 f - 2 potions of ambrosia {unknown}


   Skills:
 - Level 2.0 Fighting
 + Level 2.1 Short Blades
 - Level 2.0 Throwing
 + Level 1.0 Dodging
 + Level 6.7 Stealth


You had 2 spell levels left.
You didn't know any spells.
Your spell library contained the following spells:

 Spells                   Type           Power      Damage    Failure   Level
 Ozocubu's Armour         Ice            0%         N/A       63%         3
 Ozocubu's Refrigeration  Ice            0%         4d5       100%        7


Dungeon Overview and Level Annotations

Branches:
Dungeon (2/15)

Altars:

Shops:
D:2 (

Annotations:
D:2 Crazy Yiuf


Innate Abilities, Weirdness & Mutations

You cannot wear most types of armour.
You are amphibious.
You can wear up to eight rings at the same time.
Your skin changes colour to match your surroundings (Stealth+).
Your rubbery body absorbs attacks. (AC +1, EV +1)
((You are camouflaged when in or above water. (Stealth+)))
You have tentacles for arms and can constrict up to eight enemies at once.


Message History

You now have 98 gold pieces (gained 11).
Found a long sword.
You see here a bat corpse.
Could not explore, unopened runed door.
No reachable target in view!
No reachable target in view!
No reachable target in view!
No reachable target in view!
You open the door.
There is an open translucent door here.
You hit Crazy Yiuf. Your grab misses Crazy Yiuf.
Your squeeze misses Crazy Yiuf.
Crazy Yiuf is lightly wounded.
Crazy Yiuf hits you with a +4 quarterstaff of chaos.
You feel yourself slow down.
You hit Crazy Yiuf but do no damage. You grab Crazy Yiuf.
You tentacle-slap Crazy Yiuf, but do no damage.
You squeeze Crazy Yiuf!
Crazy Yiuf is severely wounded.
You constrict Crazy Yiuf.
Crazy Yiuf drinks a potion.
Crazy Yiuf is healed!
Crazy Yiuf hits you with a +4 quarterstaff of chaos!
Crazy Yiuf burns you.
You hit Crazy Yiuf.
Crazy Yiuf is lightly wounded.
You constrict Crazy Yiuf. Crazy Yiuf misses you.
You hit Crazy Yiuf.
Crazy Yiuf is moderately wounded.
You constrict Crazy Yiuf. Crazy Yiuf closely misses you.
You hit Crazy Yiuf.
Crazy Yiuf is heavily wounded.
You constrict Crazy Yiuf.
Crazy Yiuf hits you with a +4 quarterstaff of chaos.
* * * LOW HITPOINT WARNING * * *
You are lethally poisoned!
Crazy Yiuf cries, "Ten head ladder!"
Crazy Yiuf barely misses you.
You barely miss Crazy Yiuf.
Crazy Yiuf is heavily wounded.
You constrict Crazy Yiuf.
You die...

#...#...# ♣....♣ #.##.##...#.
........#### ♣...♣♣
#.##.##...#. ...........#
♣♣.♣♣ #.##.##...#.
......###### ♣.♣♣
#.##.###.### ......# ♣♣.♣
#.##..##.# .....)###### ♣.♣♣
#####.##.# #####......# ♣♣.♣
#####..#.### ##......# ##'##
#........#.. #.......# #.@.#
###......... ####.......#
#.g.# #......... ...........#
#..)# #......... ...........#
##### #......... .####......#
#......... .#
#......########### ######.#..
.# #................# #.###
.#
#.#.####.........########.###
#####.#.#
#.........##......>..#


You could see Crazy Yiuf.

Vanquished Creatures
  2 worms (D:2)
  A dart slug (D:1)
  2 bats
  3 endoplasms
  A giant cockroach (D:1)
  3 goblins (D:1)
  A hobgoblin (D:1)
  A kobold (D:2)
  A quokka (D:1)
  A ball python (D:1)
  A frilled lizard (D:1)
  4 rats
21 creatures vanquished.

Notes
Turn   | Place    | Note
-------+----------+-------------------------------------------
     0 | D:1      | zeram the Octopode Brigand began the quest for the Orb.
     0 | D:1      | Reached XP level 1. HP: 14/14 MP: 1/1
   235 | D:1      | Reached XP level 2. HP: 12/19 MP: 2/2
   493 | D:1      | Reached skill level 6 in Stealth
  1032 | D:2      | Reached XP level 3. HP: 24/24 MP: 3/3
  1195 | D:2      | Found Huxax's Weapon Shoppe.
  1234 | D:2      | Found a runed translucent door.
  1235 | D:2      | Noticed Crazy Yiuf
  1497 | D:2      | Succumbed to Crazy Yiuf's poison

Illustrated notes

Levels and vault maps discovered:
D:1:      dpeg_arrival_arbitrary_b, layout_basic, minmay_misc_feat_four_crosses
D:2:      layout_basic, serial_shops, nicolae_lakefront_shop,
          uniq_crazy_yiuf_cottage

Skill      XL: |  1  2 |
---------------+-------+-----
Stealth        | 6 |  6.7
Fighting       | |  2.0
Short Blades   | |  2.1
Throwing       | |  2.0
Dodging        | |  1.0

Action                   || total
-------------------------++-------
Melee: Dagger            ||    40
       Constrict         ||     7
       Tentacles         ||     6
       Punch             ||     1
  Use: Scroll            ||     1
 Stab: Sleeping          ||    10
Dodge: Dodged            ||    10
